 Dungeon Crawl Stone Soup version 0.23-a0-407-g92528d7 (webtiles) character file.

18878 nixmar the Warrior (level 12, 121/121 HPs)
             Began as a Purple Draconian Berserker on Nov 7, 2018.
             Was an Elder of Trog.
             Quit the game on level 1 of the Lair of Beasts on Nov 8, 2018.
             The game lasted 00:48:18 (15983 turns).

nixmar the Warrior (Purple Draconian Berserker)    Turns: 15983, Time: 00:48:18

Health: 121/121    AC: 10    Str: 23    XL:     12   Next: 31%
Magic:  12/12      EV: 15    Int:  8    God:    Trog [****..]
Gold:   498        SH: 10    Dex: 12    Spells: 11/11 levels left

rFire    . . .     SeeInvis .   z - +1 falchion (holy)
rCold    + + .     Gourm    .   p - +0 shield {rC+}
rNeg     + . .     Faith    .   (armour unavailable)
rPois    .         Spirit   .   (helmet restricted)
rElec    .         Reflect  .   k - scarf {repulsion}
rCorr    .         Harm     .   m - +1 pair of gloves
MR       +....                  (no boots)
Stlth    +.........             (no amulet)
HPRegen  0.30/turn              a - ring of positive energy
MPRegen  0.13/turn              c - ring of protection from cold

@: repel missiles
A: breathe power, unfitting armour, cold-blooded, AC +8
a: Breathe Dispelling Energy, Berserk, Trog's Hand, Brothers in Arms, Renounce
Religion


You were on level 1 of the Lair of Beasts.
You worshipped Trog.
Trog was greatly pleased with you.
You were not hungry.

You visited 2 branches of the dungeon, and saw 11 of its levels.
You also visited: Ice Cave.

You collected 729 gold pieces.
You spent 231 gold pieces at shops.

Inventory:

Hand Weapons
 z - a +1 falchion of holy wrath (weapon)
Armour
 k - a scarf of repulsion (worn)
 m - a +1 pair of gloves (worn)
 p - a +0 shield of cold resistance (worn)
Jewellery
 a - a ring of positive energy (left hand)
 c - a ring of protection from cold (right hand)
 s - an uncursed ring of see invisible
Wands
 w - a wand of digging (2)
 y - a wand of paralysis (8)
Scrolls
 h - 2 scrolls of enchant weapon
 i - 2 scrolls of immolation
 q - 2 scrolls of remove curse
 B - a scroll of blinking
 R - 2 scrolls of identify
 T - 6 scrolls of teleportation
Potions
 b - 5 potions of curing
 d - 3 potions of might
 f - 2 potions of ambrosia
 g - 5 potions of flight
 l - 2 potions of haste {unknown}
 n - 2 potions of agility {unknown}
 o - 2 potions of lignification {unknown}
 r - 2 potions of heal wounds {unknown}
 t - a potion of invisibility {unknown}
 u - 2 potions of brilliance {unknown}
 v - a potion of cancellation {unknown}
 x - 4 potions of mutation {unknown}
Comestibles
 e - 7 rations


   Skills:
 + Level 15.5 Fighting
 - Level 14.0 Long Blades
 + Level 8.9 Dodging
 + Level 4.6 Shields


You had 11 spell levels left.
You didn't know any spells.
Your spell library was empty.

Dungeon Overview and Level Annotations

Branches:
Dungeon (10/15)            Temple (0/1) D:6            Lair (1/6) D:9
    Orc (0/2) D:9

Altars:
Cheibriados
Elyvilon
Fedhas
Kikubaaqudgha
Ru
Wu Jian

Shops:
D:4 [   D:7 !


Innate Abilities, Weirdness & Mutations

You can breathe bolts of dispelling energy.
Your rich purple scales are hard. (AC +8)
You cannot fit into any form of body armour.
You are cold-blooded and may be slowed by cold attacks.


Message History

You feel sick.
You feel sick.
Your skin stops crawling.
You feel less resistant to hostile enchantments.
You feel sick.
You feel sick.
You are no longer poisoned.
You feel yourself speed up.
You recover from your berserk rage.
Eating one of 2 chunks of flesh.
You eat one of the 2 chunks of flesh.
This raw flesh tastes terrible.
All of the chunks of flesh in your inventory have rotted away.
You now have 498 gold pieces (gained 11).
Found a buckler.
Saving game... please wait.
Welcome back, nixmar the Purple Draconian Berserker.
Trog says: Kill them all!
Press ? for a list of commands and other information.
Okay, then.
Are you sure you want to abandon this character and quit the game? (Confirm

####,,,,,,*,,*,***,,*,,,,,,,,,*,*
..P#,,,,,,*,**,*,*,,*,,,,,,,,,,,*
...#.....#*,>,,,**,,*,,.,,,,,,*,*
<.##.....#*,,,,,*,,,*,..,,,,,,*,*
(.##.....##,,,,,**,,#..,,,,,,,*,*
.###......#,,,,,,*,...,,,,,,,,*,*
.###.....###******..#,,,,,,,,,*,*
.........#.#######..####,,,,,,*,*
................@....$..,,,,,,,,*
.......................[,,,,,,,,*
...............÷........,,,,,,,,*
........................,,,,,,,,*
.........)..............,,,,,,,,*
#####...................,,,,,,,,,
.####...###÷###.........,,,,,,,,,
...##...# #.# ###.....##,**,***,*
=..#....#*#.#****.....#**,*,**,,,


There were no monsters in sight!

Vanquished Creatures
  A frost giant (IceCv)
  A hydra (Lair:1)
  A two-headed ogre (D:8)
  Pikel (D:7)
  An ugly thing (D:10)
  A black mamba (Lair:1)
  Joseph (D:8)
  An elephant (D:9)
  An ice statue (IceCv)
  A spiny frog (Lair:1)
  14 polar bears (IceCv)
  A hippogriff (D:9)
  A vampire (D:10)
  26 yaks
  2 wyverns
  A basilisk (D:9)
  Edmund (D:4)
  A water moccasin (Lair:1)
  12 ice beasts
  2 orc warriors
  A slave (D:7)
  A black bear (D:10)
  4 sky beasts
  An ogre (D:4)
  A phantom (D:4)
  13 wolves
  2 centaurs (D:8)
  2 crocodiles
  2 big kobolds
  5 bullfrogs
  4 scorpions
  A water moccasin skeleton (D:5)
  13 killer bees
  7 wights (D:7)
  A howler monkey (D:6)
  3 bullfrog zombies
  4 crimson imps
  A centaur zombie (D:9)
  5 jellies
  10 orc wizards
  3 hounds
  3 orc priests
  A centaur skeleton (D:4)
  3 iguanas
  Terence (D:3)
  6 worker ants
  A hound zombie (D:7)
  A hound skeleton (D:3)
  Robin (D:3)
  A worker ant zombie (D:3)
  10 adders
  3 shadow imps
  6 oozes
  2 adder zombies (D:3)
  An adder skeleton (D:3)
  3 worms
  2 dart slugs
  2 leopard geckos
  47 orcs
  6 bats
  A bat skeleton (D:2)
  6 bat zombies (D:2)
  4 giant cockroaches
  6 hobgoblins
  5 jackals (D:4)
  6 quokkas
  2 ball pythons
  8 frilled lizards
  18 goblins
  18 kobolds
  A leopard gecko skeleton (D:3)
  A quokka zombie (D:6)
  8 rats
339 creatures vanquished.

Vanquished Creatures (others)
  A slave (D:7)
  A killer bee (D:7)
  A centaur zombie (D:7)
  An orc (D:7)
  A kobold (D:8)
  A leopard gecko skeleton (D:7)
  4 toadstools (D:3)
10 creatures vanquished.

Grand Total: 349 creatures vanquished

Notes
Turn   | Place    | Note
-------+----------+-------------------------------------------
     0 | D:1      | nixmar the Draconian Berserker began the quest for the Orb.
     0 | D:1      | Reached XP level 1. HP: 19/19 MP: 1/1
   136 | D:1      | Reached XP level 2. HP: 18/26 MP: 2/2
   642 | D:1      | Reached XP level 3. HP: 22/31 MP: 3/3
   814 | D:2      | Reached ** piety under Trog
   859 | D:2      | Found a snail-covered altar of Cheibriados.
   938 | D:2      | Found an ancient bone altar of Kikubaaqudgha.
  1488 | D:3      | Reached skill level 5 in Long Blades
  1488 | D:3      | Reached XP level 4. HP: 22/38 MP: 4/4
  1829 | D:3      | Noticed Terence
  1867 | D:3      | Killed Terence
  2158 | D:3      | Noticed Robin
  2202 | D:3      | Killed Robin
  2202 | D:3      | Reached XP level 5. HP: 45/45 MP: 5/5
  2233 | D:3      | Reached *** piety under Trog
  2759 | D:4      | Noticed a phantom
  2856 | D:4      | Killed a phantom
  2856 | D:4      | Reached XP level 6. HP: 51/51 MP: 6/6
  3359 | D:4      | Found Nyaqaumn's Armour Shop.
  3366 | D:4      | Bought a scarf of repulsion for 168 gold pieces
  3366 | D:4      | Bought a +0 pair of gloves for 63 gold pieces
  3402 | D:4      | Noticed Edmund
  3416 | D:4      | Killed Edmund
  3416 | D:4      | Your scales start taking on a rich purple colour.
  3416 | D:4      | Reached XP level 7. HP: 57/57 MP: 7/7
  4132 | D:4      | Found a white marble altar of Elyvilon.
  4132 | D:4      | Found an ornate altar of the Wu Jian Council.
  4249 | D:4      | Reached skill level 4 in Fighting
  4644 | D:4      | Reached skill level 5 in Fighting
  4682 | D:5      | Entered Level 5 of the Dungeon
  4853 | D:5      | Found a sacrificial altar of Ru.
  5202 | D:5      | Reached skill level 6 in Fighting
  5347 | D:5      | Reached XP level 8. HP: 67/70 MP: 8/8
  5457 | D:6      | Found a sacrificial altar of Ru.
  5861 | D:6      | Reached skill level 7 in Fighting
  5949 | D:6      | Reached **** piety under Trog
  6109 | D:6      | Reached skill level 8 in Fighting
  6382 | D:6      | Reached skill level 10 in Long Blades
  6396 | D:6      | Found a staircase to the Ecumenical Temple.
  6448 | D:6      | Reached skill level 9 in Fighting
  6961 | D:7      | Noticed Pikel
  6974 | D:7      | Reached skill level 1 in Shields
  7014 | D:7      | Reached XP level 9. HP: 84/84 MP: 9/9
  7055 | D:7      | Killed Pikel
  7055 | D:7      | Reached skill level 10 in Fighting
  7476 | D:7      | Found Furir's Distillery.
  8121 | D:7      | Reached ***** piety under Trog
  8328 | D:8      | Reached skill level 11 in Fighting
  8360 | D:8      | Noticed Joseph
  8474 | D:8      | Killed Joseph
  8754 | D:8      | Received a gift from Trog
  8914 | D:7      | Reached skill level 5 in Dodging
  8914 | D:7      | Reached XP level 10. HP: 96/96 MP: 10/10
  9187 | D:8      | Found a blossoming altar of Fedhas.
  9846 | D:9      | Found a staircase to the Orcish Mines.
  9848 | D:9      | Noticed a two-headed ogre
  9904 | D:8      | Killed a two-headed ogre
  9904 | D:8      | Reached skill level 12 in Fighting
 10197 | D:9      | Noticed an elephant
 10220 | D:9      | Killed an elephant
 10569 | D:9      | Found a staircase to the Lair.
 11681 | D:10     | Entered Level 10 of the Dungeon
 12129 | D:10     | Reached XP level 11. HP: 96/105 MP: 11/11
 12563 | D:10     | Noticed a white ugly thing
 12577 | D:10     | Killed a white ugly thing
 12992 | Lair:1   | Entered Level 1 of the Lair of Beasts
 13199 | Lair:1   | Found a frozen archway.
 13399 | IceCv    | Entered an ice cave
 13422 | IceCv    | Reached skill level 13 in Fighting
 14017 | IceCv    | Reached skill level 14 in Fighting
 14584 | IceCv    | Noticed a frost giant
 14602 | IceCv    | Reached XP level 12. HP: 99/118 MP: 12/12
 14620 | IceCv    | Killed a frost giant
 14620 | IceCv    | Reached skill level 15 in Fighting
 15571 | Lair:1   | Noticed a six-headed hydra
 15586 | Lair:1   | Killed a 14-headed hydra
 15983 | Lair:1   | Quit the game

Vault maps used:
D:1:      lightli_arrival_noodles
D:2:      kennysheep_slug_shrine, kennysheep_vampire_church,
          roderic_cross_of_infinity, minmay_cut_off
D:3:      serial_undead, serial_undead_f, serial_undead_e, serial_undead_b,
          serial_undead_a, minivault_24, minmay_gold_behind_fungi, uniq_terence,
          uniq_robin
D:4:      gammafunk_temple_overflow_pools, serial_shops, shop, first_ration,
          minmay_manual_mail, uniq_edmund
D:5:      lemuel_doored_altar
D:6:      minmay_temple_entry_grid, nicolae_ru_sacrificial_ziggurat
D:7:      serial_shops, nicolae_shop_behind_doors, uniq_pikel
D:8:      fedhas_altar_3, hangedman_little_slice_of_home, nicolae_two_hexagons,
          uniq_joseph
D:9:      david_lair_generic, orc_0_dummy, grunt_ministairs_7,
          nicolae_straight_to_the_point
Lair:1:   portal_ice_cave_entry_ice_beasts
IceCv:    ice_cave_small_giant

Skill      XL: |  1  2  3  4  5  6  7  8  9 10 11 12 |
---------------+-------------------------------------+-----
Long Blades    | 4 5 6 8 9 10 11 12 14 | 14.0
Fighting       | 6 9 11 12 14 15 | 15.5
Shields        | 1 4 |  4.6
Dodging        | 3 5 6 8 |  8.9

Action                   |  1- 3 |  4- 6 |  7- 9 | 10-12 || total
-------------------------+-------+-------+-------+-------++-------
Melee: Falchion          |   137 |   183 |   332 |   733 ||  1385
       Tailslap          |    14 |    22 |    90 |   169 ||   295
       Long sword        |       |       |   227 |    43 ||   270
Invok: Berserk           |       |     3 |     5 |    14 ||    22
       Trog's Hand       |       |       |     7 |    17 ||    24
 Abil: Breathe Dispellin |       |       |     2 |     9 ||    11
Evoke: Wand              |       |       |       |    12 ||    12
  Use: Scroll            |     3 |     2 |     5 |     4 ||    14
 Stab: Distracted        |       |       |     1 |       ||     1
  Eat: Chunk             |     2 |     2 |    17 |     9 ||    30
       Ration            |       |     2 |     3 |    10 ||    15
Armor: Skin              |    55 |    33 |   128 |   143 ||   359
Dodge: Dodged            |   105 |    67 |   240 |   372 ||   784
       Deflected         |       |       |    15 |     1 ||    16
Block: Buckler           |     9 |    13 |    76 |    99 ||   197
       Shield            |       |       |       |    34 ||    34
       Rpst.: Falchion   |    34 |    18 |    44 |    90 ||   186
       Long sword        |       |       |    27 |     2 ||    29

Table legend:
 A = Non-vault XP
 B = Vault XP
 C = Vault XP percentage of total XP
 D = Non-vault monster count
 E = Vault monster count
 F = Vault count percentage of total count
                 A         B        C        D         E       F
            +---------+---------+-------+---------+---------+-------
      Total |   12974 |   13995 |  51.9 |     244 |      94 |  27.8
            +---------+---------+-------+---------+---------+-------
        D:1 |      47 |       0 |   0.0 |      23 |       0 |   0.0
        D:2 |       9 |      19 |  67.9 |       6 |       9 |  60.0
        D:3 |      74 |     128 |  63.4 |      25 |      19 |  43.2
        D:4 |     622 |     302 |  32.7 |      25 |       3 |  10.7
        D:5 |     225 |       0 |   0.0 |      10 |       0 |   0.0
        D:6 |     966 |       0 |   0.0 |      26 |       0 |   0.0
        D:7 |    1635 |     663 |  28.9 |      44 |       1 |   2.2
        D:8 |    1667 |     593 |  26.2 |      23 |       9 |  28.1
        D:9 |    1593 |    1297 |  44.9 |      13 |       9 |  40.9
       D:10 |    3185 |       0 |   0.0 |      36 |       0 |   0.0
     Lair:1 |    2951 |    1049 |  26.2 |      13 |       8 |  38.1
      IceCv |       0 |    9944 | 100.0 |       0 |      36 | 100.0
            +---------+---------+-------+---------+---------+-------
